 Dungeon Crawl Stone Soup version 0.27.1 (webtiles) character file.

Game seed: 12299510375657168058

688 chaosape the Protected (level 7, -7/51 HPs)
             Began as a Gnoll Wanderer on Aug 23, 2021.
             Was a Believer of Nemelex Xobeh.
             Splashed by a jelly's acid (8 damage)
             ... on level 4 of the Dungeon on Aug 25, 2021.
             The game lasted 00:32:25 (3538 turns).

chaosape the Protected (Gnoll Wanderer)             Turns: 3538, Time: 00:32:27

Health: -7/51      AC:  4    Str: 15    XL:     7   Next: 62%
Magic:  10/10      EV:  7    Int:  9    God:    Nemelex Xobeh [**....]
Gold:   66         SH:  0    Dex: 12    Spells: 11/11 levels left

rFire    . . .     SeeInvis .   a - +2 hand axe
rCold    . . .     Faith    .   (no shield)
rNeg     . . .     Spirit   .   e - +0 chain mail
rPois    .         Reflect  .   (no helmet)
rElec    .         Harm     +   D - scarf {harm}
rCorr    .         Rampage  .   (no gloves)
Will     .....                  S - +0 pair of boots
Stlth    ..........             (no amulet)
HPRegen  0.17/turn              (no ring)
MPRegen  0.12/turn              (no ring)

@: corroded
A: fangs 1, strong nose, distributed training
a: Renounce Religion, Draw Escape, Draw Destruction, Draw Summoning


You were on level 4 of the Dungeon.
You worshipped Nemelex Xobeh.
Nemelex Xobeh was pleased with you.
You visited 1 branch of the dungeon, and saw 4 of its levels.

You collected 66 gold pieces.

Inventory:

Hand Weapons
 a - a +2 hand axe (weapon)
 b - a +0 shortbow
 g - a +0 short sword
 i - a +0 quarterstaff
 l - a +0 spear
 m - a +0 whip
 n - a +0 club
 o - a +0 dagger
 r - a +0 club
 s - a +0 hunting sling
 t - a +0 hand axe
 v - a +0 dagger
 A - a +0 mace
 C - a +0 dagger of holy wrath
 E - a +0 club
 G - a +0 dagger
 I - a +0 dagger
 J - a +0 quarterstaff
 K - a +0 whip
 L - a +0 club
 N - a +0 short sword
 O - a +0 flail
 P - a +0 club
 Q - a +0 spear
 U - a +0 club
 V - a +0 short sword
Missiles
 c - 22 arrows
 f - 2 large rocks
 h - 59 stones (quivered)
 j - 13 boomerangs
 k - 8 poisoned darts
 x - 3 javelins
Armour
 e - a +0 chain mail (worn)
 p - a +0 robe
 q - a +0 ring mail
 y - a +0 leather armour
 D - a scarf of harm (worn)
 S - a +0 pair of boots (worn)
Scrolls
 u - a scroll of enchant weapon {unknown}
 w - a scroll of torment {unknown}
 z - a scroll of amnesia {unknown}
 F - a scroll of fog {unknown}
 H - a scroll of teleportation {unknown}
 R - a scroll of noise {unknown}
 T - a scroll of identify {unknown}
Potions
 B - a potion of curing {unknown}
 M - a potion of attraction {unknown}
Miscellaneous
 d - a piece from Xom's chessboard (15/15)


   Skills:
 + Level 2.6 Fighting
 + Level 2.6 Short Blades
 + Level 2.6 Long Blades
 + Level 5.3 Axes
 + Level 2.6 Maces & Flails
 + Level 2.6 Polearms
 + Level 2.6 Staves
 + Level 2.6 Slings
 + Level 2.6 Bows
 + Level 5.3 Crossbows
 + Level 2.6 Throwing
 + Level 9.0 Armour
 + Level 2.6 Dodging
 + Level 2.6 Stealth
 + Level 3.7 Shields
 + Level 2.6 Unarmed Combat
 + Level 2.6 Spellcasting
 + Level 2.1 Conjurations
 + Level 2.1 Hexes
 + Level 2.1 Summonings
 + Level 2.1 Necromancy
 + Level 2.1 Translocations
 + Level 2.1 Transmutations
 + Level 2.1 Fire Magic
 + Level 2.1 Ice Magic
 + Level 2.1 Air Magic
 + Level 2.1 Earth Magic
 + Level 2.1 Poison Magic
 + Level 2.9 Invocations
 + Level 3.7 Evocations


You had 11 spell levels left.
You didn't know any spells.
Your spell library contained the following spells:

 Spells                   Type           Power      Damage    Failure   Level
 Sandblast                Erth           10%        2d5       87%         1
 Passwall                 Tmut/Erth      4%         N/A       95%         2
 Lee's Rapid Deconstruct  Erth           2%         3d6*      100%        5


Dungeon Overview and Level Annotations

Branches:
Dungeon (4/15)
 Temple: D:4-7

Altars:
Nemelex Xobeh


Innate Abilities, Weirdness & Mutations

You have very sharp teeth.
Your uncanny sense of smell can sniff out nearby items.
Your experience applies equally to all skills.


Message History

You hit the bullfrog skeleton.
The bullfrog skeleton convulses.
The bullfrog skeleton is almost destroyed.
The bullfrog skeleton closely misses you.
You hit the bullfrog skeleton.
You destroy the bullfrog skeleton!
Your Armour skill increases to level 9!
You start resting.
An orc is nearby!
Things that are here:
a +0 hand axe; a +0 leather armour You start resting.
A jelly is nearby!
Your +0 dagger of holy wrath stops glowing.
a - a +2 hand axe (weapon)
The jelly quivers.
You hit the jelly. The acid corrodes you!
Your hands burn!
The jelly is moderately wounded.
The jelly hits you. The acid corrodes you!
You are splashed with acid.
* * * LOW HITPOINT WARNING * * *
The jelly hits you but does no damage.
You hit the jelly.
Your hands burn!
* * * LOW HITPOINT WARNING * * *
The jelly is heavily wounded.
The jelly hits you but does no damage.
You hit the jelly.
Your hands burn!
* * * LOW HITPOINT WARNING * * *
The jelly is almost dead.
The jelly hits you but does no damage.
You hit the jelly but do no damage.
Your hands burn!
* * * LOW HITPOINT WARNING * * *
You bite the jelly, but do no damage.
The jelly is severely wounded.
The jelly closely misses you.
You barely miss the jelly.
The jelly is severely wounded.
The jelly hits you.
* * * LOW HITPOINT WARNING * * *
You are splashed with acid!
You die...
Your body disappears without a glow.

(((≈≈≈≈.≈≈≈≈≈.#
..)≈≈≈≈o≈≈≈≈≈.# ..
...(..........# #..
.......Z.....####...
#
....o#.........#...#
.##
?..##............#
#.# ..
........###......#
#.#
....#####..####J...##
#.# #.# ##((##@....#
#.# #.# #.))[.....##
#.# #.# ##.####....#
#.# . ###.### ######
#....## ##.###.#
......####.##
##.....###.....#
............##
##..###.........#
.....#####...###..##
########..# #...##
###.......## ....
#...###.........##
####


You could see a jelly.

Vanquished Creatures
  Grinder (D:3)
  A necrophage (D:3)
  A kobold brigand (D:4)
  A scorpion (D:4)
  An orc priest (D:4)
  A bullfrog skeleton (D:4)
  An iguana (D:4)
  An orc wizard (D:4)
  3 gnolls (D:4)
  2 adders (D:3)
  3 worms
  5 dart slugs
  4 orcs (D:4)
  6 ball pythons
  2 bats
  6 endoplasms
  4 giant cockroaches
  4 goblins
  3 hobgoblins
  11 jackals (D:3)
  6 quokkas
  4 frilled lizards (D:1)
  5 kobolds
  5 rats
81 creatures vanquished.

Vanquished Creatures (others)
  An orc wizard (D:4)
1 creature vanquished.

Grand Total: 82 creatures vanquished

Notes
Turn   | Place    | Note
-------+----------+-------------------------------------------
     0 | D:1      | chaosape the Gnoll Wanderer began the quest for the Orb.
     0 | D:1      | chaosape set off with the following items: a +2 hand axe, a
                  | +0 shortbow, 24 arrows, a piece from Xom's chessboard
                  | (15/15), a +0 robe
     0 | D:1      | Reached XP level 1. HP: 13/13 MP: 1/1
   352 | D:1      | Reached XP level 2. HP: 19/19 MP: 2/2
   416 | D:1      | Found a faded altar of an unknown god.
   555 | D:1      | Became a worshipper of Nemelex Xobeh the Trickster
   555 | D:1      | Reached * piety under Nemelex Xobeh
   555 | D:1      | Received a gift from Nemelex Xobeh
   852 | D:1      | Reached XP level 3. HP: 23/25 MP: 3/3
  1408 | D:2      | Reached skill level 1 in Invocations
  1953 | D:3      | Reached skill level 1 in Fighting
  1953 | D:3      | Reached skill level 1 in Short Blades
  1953 | D:3      | Reached skill level 1 in Long Blades
  1953 | D:3      | Reached skill level 1 in Maces & Flails
  1953 | D:3      | Reached skill level 1 in Polearms
  1953 | D:3      | Reached skill level 1 in Staves
  1953 | D:3      | Reached skill level 1 in Slings
  1953 | D:3      | Reached skill level 1 in Bows
  1953 | D:3      | Reached skill level 1 in Throwing
  1953 | D:3      | Reached skill level 1 in Dodging
  1953 | D:3      | Reached skill level 1 in Stealth
  1953 | D:3      | Reached skill level 1 in Unarmed Combat
  1953 | D:3      | Reached skill level 1 in Spellcasting
  2045 | D:3      | Reached XP level 4. HP: 32/32 MP: 5/5
  2065 | D:3      | Noticed a necrophage
  2066 | D:3      | Reached ** piety under Nemelex Xobeh
  2074 | D:3      | Killed a necrophage
  2075 | D:3      | Reached skill level 1 in Conjurations
  2075 | D:3      | Reached skill level 1 in Hexes
  2075 | D:3      | Reached skill level 1 in Summonings
  2075 | D:3      | Reached skill level 1 in Necromancy
  2075 | D:3      | Reached skill level 1 in Translocations
  2075 | D:3      | Reached skill level 1 in Transmutations
  2075 | D:3      | Reached skill level 1 in Fire Magic
  2075 | D:3      | Reached skill level 1 in Ice Magic
  2075 | D:3      | Reached skill level 1 in Air Magic
  2075 | D:3      | Reached skill level 1 in Earth Magic
  2075 | D:3      | Reached skill level 1 in Poison Magic
  2075 | D:3      | Reached XP level 5. HP: 32/37 MP: 5/7
  2217 | D:3      | Noticed Grinder
  2263 | D:3      | Paralysed by Grinder for 3 turns
  2273 | D:3      | Paralysed by Grinder for 2 turns
  2281 | D:3      | Killed Grinder
  2282 | D:3      | Reached skill level 5 in Axes
  2282 | D:3      | Reached skill level 5 in Crossbows
  2282 | D:3      | Reached XP level 6. HP: 28/44 MP: 7/9
  2965 | D:4      | Reached XP level 7. HP: 31/50 MP: 10/10
  3496 | D:4      | Reached skill level 9 in Armour
  3537 | D:4      | HP: 2/51 [acid (3)]
  3538 | D:4      | Splashed by a jelly's acid

Illustrated notes

Levels and vault maps discovered:
D:1:      elethiomel_arrival_shortcut, layout_loops_ring,
          basic_ecumenical_altar, minmay_distorted
D:2:      layout_basic
D:3:      layout_basic, nicolae_overflow_hidden_temple, uniq_grinder
D:4:      layout_layer_cave, minivault_14

Skill      XL: |  1  2  3  4  5  6  7 |
---------------+----------------------+-----
Invocations    | 1 2 |  2.9
Fighting       | 1 2 |  2.6
Short Blades   | 1 2 |  2.6
Long Blades    | 1 2 |  2.6
Maces & Flails | 1 2 |  2.6
Polearms       | 1 2 |  2.6
Staves         | 1 2 |  2.6
Slings         | 1 2 |  2.6
Bows           | 1 2 |  2.6
Throwing       | 1 2 |  2.6
Dodging        | 1 2 |  2.6
Stealth        | 1 2 |  2.6
Unarmed Combat | 1 2 |  2.6
Spellcasting   | 1 2 |  2.6
Shields        | 3 |  3.7
Conjurations   | 1 2 |  2.1
Hexes          | 1 2 |  2.1
Summonings     | 1 2 |  2.1
Necromancy     | 1 2 |  2.1
Translocations | 1 2 |  2.1
Transmutations | 1 2 |  2.1
Fire Magic     | 1 2 |  2.1
Ice Magic      | 1 2 |  2.1
Air Magic      | 1 2 |  2.1
Earth Magic    | 1 2 |  2.1
Poison Magic   | 1 2 |  2.1
Evocations     | 3 |  3.7
Axes           | 5 |  5.3
Crossbows      | 5 |  5.3
Armour         | 9 |  9.0

Action                   |  1- 3 |  4- 6 |  7- 9 || total
-------------------------+-------+-------+-------++-------
Melee: Hand axe          |    93 |    85 |    31 ||   209
       Bite              |     4 |     6 |     5 ||    15
       Dagger            |       |       |    12 ||    12
 Fire: Shortbow          |    12 |     2 |       ||    14
Throw: Stone             |     2 |       |    14 ||    16
       Dart              |       |     3 |     9 ||    12
       Javelin           |       |       |     3 ||     3
Invok: Draw Destruction  |       |     1 |     3 ||     4
  Use: Scroll            |     1 |     1 |       ||     2
       Potion            |       |     2 |       ||     2
Armor: Robe              |     3 |       |       ||     3
       Ring mail         |    25 |    31 |     3 ||    59
       Chain mail        |       |       |    19 ||    19
Dodge: Dodged            |    62 |    40 |    12 ||   114
